 Dungeon Crawl Stone Soup version 0.31.0-32-g396128a36d (webtiles) character file.

Game seed: 4055973157288322509

44 PaiMei the Grave Robber (level 3, 0/26 HPs)
             Began as a Demonspawn Necromancer on Apr 18, 2024.
             Slain by a ribbon worm (8 damage)
             ... on level 2 of the Dungeon.
             The game lasted 00:02:20 (1819 turns).

PaiMei the Grave Robber (Demonspawn Necromancer)    Turns: 1819, Time: 00:02:20

Health: 0/26       AC:  2    Str:  8    XL:     3   Next: 39%
Magic:  0/6        EV: 12    Int: 17    God:
Gold:   69         SH:  0    Dex: 13    Spells: 2/6 levels left

rFire   . . .        g - +0 short sword
rCold   . . .        (no shield)
rNeg    . . .        a - +0 robe
rPois   .            (helmet restricted)
rElec   .            (no cloak)
rCorr   .            (no gloves)
SInv    .            (no boots)
Will    .....        (no amulet)
Stlth   ++           (no ring)
HPRegen 0.24/turn    (no ring)
MPRegen 0.20/turn

%: no passive effects
@: no status effects
A: antennae 1, magic regeneration
a: no special abilities


You were on level 2 of the Dungeon.
You visited 1 branch of the dungeon, and saw 2 of its levels.

You collected 69 gold pieces.

Inventory:

Hand Weapons
 g - a +0 short sword (weapon)
Missiles
 d - 12 poisoned darts (quivered)
Armour
 a - a +0 robe (worn)
Scrolls
 f - 6 scrolls of identify {unknown}
 h - 2 scrolls of enchant weapon {unknown}
Potions
 b - a potion of magic
 c - a potion of might {unknown}
 e - a potion of resistance {unknown}
 i - a potion of curing {unknown}
 j - a potion of berserk rage {unknown}
 k - 2 potions of attraction {unknown}
 l - a potion of lignification {unknown}


   Skills:
 + Level 1.0 Fighting
 + Level 2.2 Dodging
 - Level 2.0 Stealth
 + Level 2.4 Spellcasting
 + Level 4.7 Necromancy


You had 2 spell levels left.
You knew the following spells:

 Your Spells              Type           Power      Damage    Failure   Level
a - Necrotise             Necr           72%        1d7       2%          1
b - Vampiric Draining     Necr           18%        2d7       8%          3

Your spell library contained the following spells:

 Spells                   Type           Power      Damage    Failure   Level
 Scorch                   Fire           4%         2d5       28%         2
 Animate Dead             Necr           18%        N/A       26%         4
 Curse of Agony           Necr           18%        N/A       58%         5
 Flame Wave               Conj/Fire      2%         2d4       88%         4
 Summon Cactus Giant      Summ           1%         N/A       100%        6


Dungeon Overview and Level Annotations

Branches:
Dungeon (2/15)

Altars:
Okawaru

Shops:
D:1 =


Innate Abilities, Weirdness & Mutations

You have a pair of small antennae on your head.
You regenerate magic rapidly.


Message History

Press: ? - help, Shift-Dir - straight line, f/p - ribbon worm
Aim: a ribbon worm (heavily wounded, chance to affect: 83%)
The ribbon worm barely resists.
The ribbon worm expels a string of sticky webbing.
The stream of webbing hits you but does no damage.
You are even more entangled.
Casting: Necrotise (safe; 2% risk of failure)
Confirm with . or Enter, or press ? or * to list all spells.
You don't have enough magic to cast this spell.
Casting: Necrotise (safe; 2% risk of failure)
Confirm with . or Enter, or press ? or * to list all spells.
You don't have enough magic to cast this spell.
You struggle to detach yourself from the web.
The ribbon worm bites you.
Casting: Necrotise (safe; 2% risk of failure)
Confirm with . or Enter, or press ? or * to list all spells.
You don't have enough magic to cast this spell.
The web tears apart.
The ribbon worm closely misses you.
Casting: Necrotise (safe; 2% risk of failure)
Confirm with . or Enter, or press ? or * to list all spells.
Aiming: Necrotise (safe; 2% risk of failure)
Press: ? - help, Shift-Dir - straight line, f/p - ribbon worm
Aim: a ribbon worm (moderately wounded, chance to affect: 83%)
The ribbon worm writhes in agony.
You hit the ribbon worm.
The ribbon worm is heavily wounded.
The ribbon worm expels a string of sticky webbing.
The stream of webbing hits you but does no damage.
You are caught in a web!
Casting: Necrotise (safe; 2% risk of failure)
Confirm with . or Enter, or press ? or * to list all spells.
You don't have enough magic to cast this spell.
The web tears apart.
The ribbon worm bites you.
Casting: Necrotise (safe; 2% risk of failure)
Confirm with . or Enter, or press ? or * to list all spells.
You don't have enough magic to cast this spell.
You barely miss the ribbon worm.
The ribbon worm is heavily wounded.
The ribbon worm bites you!
You die...

#.#..## #w.# #.## #...##
#..# #.## ###. #..# #.##
## #..# #..# #.####..###
#... #.........# #.##
#.####..#.#############.#
#.# ##<.................#
#.# #....@###############
#.###..#.w# #.##...#..#
#.##..##..# #.##..##..#
#.##..##..# #....[....#
####..##.## #### #.....#
#


You could see a ribbon worm.

Vanquished Creatures
  An adder (D:2)
  A ball python (D:2)
  3 endoplasms (D:1)
  A giant cockroach (D:2)
  5 hobgoblins
  A kobold (D:1)
  A quokka (D:2)
  4 bats
  3 frilled lizards
  8 goblins
  4 rats
32 creatures vanquished.

Notes
Turn   | Place    | Note
-------+----------+-------------------------------------------
     0 | D:1      | PaiMei the Demonspawn Necromancer began the quest for the
                  | Orb.
     0 | D:1      | Reached XP level 1. HP: 13/13 MP: 3/3
    20 | D:1      | Found Juanahur's One-of-a-Kind Rings.
   303 | D:1      | Found a faded altar of an unknown god.
   320 | D:1      | Gained mutation: You have a pair of small antennae on your
                  | head. [demonic ancestry]
   320 | D:1      | Reached XP level 2. HP: 19/19 MP: 3/5
  1461 | D:2      | Gained mutation: You regenerate magic rapidly. [demonic
                  | ancestry]
  1461 | D:2      | Reached XP level 3. HP: 25/25 MP: 3/6
  1465 | D:2      | Learned a level 3 spell: Vampiric Draining
  1518 | D:2      | Found an iron altar of Okawaru.
  1663 | D:2      | Reached skill level 1 in Fighting
  1819 | D:2      | Slain by a ribbon worm

Illustrated notes

Levels and vault maps discovered:
D:1:      minmay_arrival_checkered_box, layout_loops_ring,
          basic_ecumenical_altar, nicolae_shop_unique_rings
D:2:      layout_loops_ring, basic_altar, st_stairs_11,
          hangedman_abyss_or_decor_stabs

Skill      XL: |  1  2  3 |
---------------+----------+-----
Stealth        | 2 |  2.0
Dodging        | 2 |  2.2
Fighting       | 1 |  1.0
Spellcasting   | |  2.4
Necromancy     | |  4.7

Action                     || total
---------------------------++-------
  Melee: Short sword       ||    10
         Unarmed           ||     1
         Punch             ||     1
   Cast: Necrotise         ||    63
 Armour: Robe              ||    28
  Dodge: Dodged            ||    27
